 Dungeon Crawl Stone Soup version 0.31-a0-1104-g3bd3108e02 (webtiles) character file.

Game seed: 13148927019454356323

52 tilp the Sneak (level 3, -2/26 HPs)
             Began as a Vampire Enchanter on Dec 2, 2023.
             Slain by a worm (6 damage)
             ... on level 2 of the Dungeon.
             The game lasted 00:01:58 (1315 turns).

tilp the Sneak (Vampire Enchanter)                  Turns: 1315, Time: 00:01:59

Health: -2/26      AC:  3    Str:  7    XL:     3   Next: 60%
Magic:  0/6        EV: 12    Int: 19    God:
Gold:   39         SH:  0    Dex: 14    Spells: 1/6 levels left

rFire   . . .        a - +1 dagger
rCold   . . .        (no shield)
rNeg    . . .        b - +0 robe
rPois   .            g - +0 helmet
rElec   .            (no cloak)
rCorr   .            (no gloves)
SInv    +            (no boots)
Will    .....        (no amulet)
Stlth   +++          (no ring)
HPRegen 0.44/turn    (no ring)
MPRegen 0.10/turn

%: no passive effects
@: very slightly contaminated, healing quickly
A: alive, fangs 3, see invisible, vampiric 2
a: Exsanguinate


You were on level 2 of the Dungeon.
You visited 1 branch of the dungeon, and saw 2 of its levels.

You collected 39 gold pieces.

Inventory:

Hand Weapons
 a - a +1 dagger (weapon)
Missiles
 d - 22 stones (quivered)
 i - 5 javelins
Armour
 b - a +0 robe (worn)
 g - a +0 helmet (worn)
Wands
 j - a wand of mindburst (8)
Potions
 c - 2 potions of invisibility
 e - 2 potions of curing {unknown}
 f - a potion of berserk rage {unknown}
 h - 4 potions of heal wounds {unknown}
 k - a potion of enlightenment {unknown}
 l - a potion of might {unknown}
 m - a potion of ambrosia {unknown}


   Skills:
 * Level 1.2 Fighting
 * Level 2.2 Short Blades
 + Level 2.6 Dodging
 + Level 4.8 Stealth
 + Level 2.2 Spellcasting
 + Level 4.7 Hexes


You had one spell level left.
You knew the following spells:

 Your Spells              Type           Power      Damage    Failure   Level
a - Ensorcelled Hibernat  Hex/Ice        22%        N/A       10%         2
b - Confusing Touch       Hex            20%        N/A       7%          3

Your spell library contained the following spells:

 Spells                   Type           Power      Damage    Failure   Level
 Tukima's Dance           Hex            20%        N/A       7%          3
 Dazzling Flash           Conj/Hex       22%        N/A       19%         3


Dungeon Overview and Level Annotations

Branches:
Dungeon (2/15)

Altars:


Innate Abilities, Weirdness & Mutations

Your natural rate of healing is accelerated.
You have razor-sharp teeth.
You have supernaturally acute eyesight. (SInv)
You are afflicted with vampirism and can become a bat while bloodless.


Message History

The worm resists with significant effort.
Unknown command.
You hit the worm. You bite the worm.
The worm is moderately wounded.
The worm bites you.
Casting: Ensorcelled Hibernation (safe; 10% risk of failure)
Confirm with . or Enter, or press ? or * to list all spells.
Aiming: Ensorcelled Hibernation (safe; 10% risk of failure)
Press: ? - help, Shift-Dir - straight line, f/p - worm
Aim: a worm (moderately wounded, chance to affect: 53%)
You miscast Ensorcelled Hibernation.
You are very lightly contaminated with residual magic.
Nothing appears to happen.
You hit the worm.
The worm is heavily wounded.
The worm bites you!
Casting: Ensorcelled Hibernation (safe; 10% risk of failure)
Confirm with . or Enter, or press ? or * to list all spells.
Aiming: Ensorcelled Hibernation (safe; 10% risk of failure)
Press: ? - help, Shift-Dir - straight line, f/p - worm
Aim: a worm (heavily wounded, chance to affect: 53%)
The worm resists with significant effort.
Casting: Ensorcelled Hibernation (safe; 10% risk of failure)
Confirm with . or Enter, or press ? or * to list all spells.
You don't have enough magic to cast this spell.
Unknown command.
You are too injured to fight recklessly!
You are too injured to fight recklessly!
You are too injured to fight recklessly!
You are too injured to fight recklessly!
You hit the worm.
The worm is heavily wounded.
The worm bites you!
* * * LOW HITPOINT WARNING * * *
You hit the worm.
The worm is heavily wounded.
You hit the worm. You bite the worm.
The worm is severely wounded.
The worm bites you.
You die...

#...........####
..?....
#.......###.#...
....... #.......#
#.#.<. .......
#.......# #.#...
.......####.#####
#.#._.
...............#
#.#...
.......####.##..#
..####
......w####.###....
... #..@......# ###
.. #.........#
#.........#
#.........#
#.........#
#.$.......#
#.........#
#.........#
#.........#


You could see a worm.

Vanquished Creatures
  2 worms (D:2)
  3 dart slugs
  7 goblins
  3 hobgoblins
  5 quokkas (D:1)
  A ball python (D:1)
  3 bats
  2 frilled lizards (D:1)
  6 kobolds
  7 rats
39 creatures vanquished.

Notes
Turn   | Place    | Note
-------+----------+-------------------------------------------
     0 | D:1      | tilp the Vampire Enchanter began the quest for the Orb.
     0 | D:1      | Reached XP level 1. HP: 13/13 MP: 3/3
   156 | D:1      | Reached XP level 2. HP: 20/20 MP: 5/5
   159 | D:1      | Learned a level 2 spell: Ensorcelled Hibernation
   746 | D:1      | Reached skill level 1 in Fighting
   886 | D:1      | Gained mutation: You are afflicted with vampirism and can
                  | become a bat while bloodless. [Vampire growth]
   886 | D:1      | Reached XP level 3. HP: 26/26 MP: 3/6
  1089 | D:2      | Learned a level 3 spell: Confusing Touch
  1098 | D:2      | Found a faded altar of an unknown god.
  1315 | D:2      | Slain by a worm

Illustrated notes

Levels and vault maps discovered:
D:1:      nagdon_arrival_zigzag_paths, layout_basic, minmay_3d_cube
D:2:      layout_rooms, nicolae_ecumenical_oubliette

Skill      XL: |  1  2  3 |
---------------+----------+-----
Fighting       | 1 |  1.2
Short Blades   | 2 |  2.2
Dodging        | |  2.6
Stealth        | |  4.8
Spellcasting   | |  2.2
Hexes          | |  4.7

Action                     || total
---------------------------++-------
  Melee: Dagger            ||    87
         Bite              ||    10
         Punch             ||     1
  Throw: Stone             ||     1
   Cast: Ensorcelled Hiber ||    16
    Use: Scroll            ||     3
   Stab: Sleeping          ||    20
 Armour: Robe              ||    37
  Dodge: Dodged            ||    36

Table legend: (Time is in decaauts)
 A = Elapsed time spent in this place.
 B = Non-inter-level travel time spent in this place.
 C = Inter-level travel time spent in this place.
 D = Time resting spent in this place.
 E = Time spent auto-exploring this place.
 F = Levels seen in this place.
 G = Mean time per level.
                   A        B        C        D        E       F      G
               +--------+--------+--------+--------+--------+-----+--------+
         Total |   1308 |   1278 |     30 |     19 |    967 |   2 |  654.0 |
       Dungeon |   1308 |   1278 |     30 |     19 |    967 |   2 |  654.0 |
               +--------+--------+--------+--------+--------+-----+--------+

Top non-repeatable levels by time:
     D:1: 950 daAuts
     D:2: 358 daAuts
